 Dungeon Sprint DCSS version 0.31-a0-675-g238779eb0a (webtiles) character file.

Game seed: 17078894447080621786

2766 sircluck the Grappler (level 9, -24/94 HPs)
             Began as a Troll Berserker on Sept 5, 2023.
             Was an Elder of Trog.
             Engulfed by a cloud of freezing vapour (30 damage)
             ... in the Dungeon (Sprint II: "The Violet Keep of Menkaure").
             The game lasted 00:01:59 (174 turns).

sircluck the Grappler (Troll Berserker)              Turns: 174, Time: 00:01:59

Health: -24/94     AC:  4    Str: 31    XL:     9   Next: 42%
Magic:  1/7        EV: 12    Int:  3    God:    Trog [****..]
Gold:   979        SH:  0    Dex:  9    Spells: 8/8 levels left

rFire   . .          .
                       - Unarmed
rCold   . . .        (no shield)
rNeg    . . .        a - +0 animal skin
rPois   .            (helmet restricted)
rElec   .            (no cloak)
rCorr   .            (gloves unavailable)
SInv    .            (boots unavailable)
Will    .....        (no amulet)
Stlth   +            (no ring)
HPRegen 1.15/turn    (no ring)
MPRegen 0.10/turn

%: no teleportation
@: on berserk cooldown, slowed, very slow
A: large, unfitting armour, claws 3, regeneration 1, shaggy fur 1, tough skin 1,
frail 1, low MP 1, inability to drink after injury 1
a: Renounce Religion, Berserk, Trog's Hand, Brothers in Arms


You were in the Dungeon.
You worshipped Trog.
Trog was greatly pleased with you.
You visited 1 branch You collected 979 gold pieces.

Inventory:

Armour
 a - a +0 animal skin (worn)
Potions
 b - a potion of curing
 d - a potion of haste
 e - 2 potions of magic
 f - a potion of berserk rage


   Skills:
 + Level 11.2 Fighting
 + Level 11.0 Dodging
 + Level 13.0 Unarmed Combat


You had 8 spell levels left.
You didn't know any spells.
Your spell library was empty.

Dungeon Overview and Level Annotations

Branches:
Dungeon (1/1)

Altars:

Shops:
D ![(([*=:[=?!*=

Annotations:
D exclusion: ice statue, Kirke, Roxanne


Innate Abilities, Weirdness & Mutations

You are too large for most types of armour.
You have claws for hands.
Your natural rate of healing is unusually fast.
You are covered in fur. (AC +1)
You have tough skin. (AC +1)
You are frail. (-10% HP)
Your magical capacity is low. (-10% MP)
You occasionally lose the ability to drink potions when taking damage.


Message History

The centaur warrior shouts!
Kirke gestures wildly while chanting.
Kirke flickers and vanishes!
Deactivating autopickup; reactivate with Ctrl-A.
Blink to where?
Press: ? - help, Q - select action, (/) - cycle Dir - move target
As you read the scroll of blinking, it crumbles to dust.
You close the door.
You start resting.
Something unseen breaks down the door.
It's broken and can't be closed.
Your iron troll goes berserk!
Trog will no longer gift you weapons. Something hits your iron troll!!
The ice statue glitters chillingly in the dim dungeon light.
Your iron troll bites the yaktaur captain!!!
Your iron troll claws the yaktaur captain!!
Your iron troll completely misses the yaktaur captain.
The yaktaur captain hits you!!
* * * LOW HITPOINT WARNING * * *
You barely miss the yaktaur captain.
The yaktaur captain is almost dead.
Your iron troll bites the yaktaur captain!!
The yaktaur captain dies!
Trog accepts your kill.
Your Fighting skill increases to level 11!
Your Dodging skill increases to level 11!
Your Unarmed Combat skill increases to level 13!
You mangle something!!
You are engulfed in freezing vapours.
* * * LOW HITPOINT WARNING * * *
Your iron troll is engulfed in freezing vapours.
Your iron troll rages.
Your iron troll bites something!!
Your iron troll claws something!!!
Your iron troll claws something!
You hear some strange, mumbled words.
Send 'em back where they came from!
Trog shields your ally from puny magic!
Something hits your iron troll but does no damage.
Something kicks your iron troll but does no damage.
You closely miss something.
You are engulfed in freezing vapours.
You die...

##≈≈≈○≈≈≈## ##≈≈≈≈≈≈≈≈≈## #
+≈≈≈≈≈8≈°≈°≈# cK####≈≈≈≈≈≈≈≈≈
z{.§## ≈≈≈≈≈
########{~#+++#+++##
#######~~c.§..T....#
....∩.#~~~~.##○##..#
.∩.∩..#~~~~##@#.##.####
∩.∩...#~~~~#..#..#....#
.∩....#~~####.#.####..##
∩.∩...#~##.###'###.##..#
.∩.∩..#~#..†##.###..#..#
..∩.∩.'~'##††.<.'##.'§.#
...∩.∩#~#...##.##.#.#....#
▓▓▓▓###~##.###'###.##......~~
$######~~####.#†####~~.....~#


You could see an ice statue and a friendly iron troll (summoned, berserk).

Vanquished Creatures
  2 boulder beetles (D)
  4 neqoxecs (D)
  Menkaure (D)
  A water moccasin (D)
  4 necrophages (D)
  A hell rat (D)
  3 worms (D)
16 creatures vanquished.

Vanquished Creatures (collateral kills)
  A yaktaur captain (D)
1 creature vanquished.

Grand Total: 17 creatures vanquished

Notes
Turn   | Place    | Note
-------+----------+-------------------------------------------
     0 | D        | sircluck the Troll Berserker began the quest for the Orb.
     0 | D        | Reached XP level 1. HP: 22/22 MP: 0/0
     1 | D        | Noticed a boulder beetle
     1 | D        | Noticed a boulder beetle
     5 | D        | Noticed a necrophage
     5 | D        | Noticed a necrophage
     5 | D        | Noticed a necrophage
     5 | D        | Noticed a necrophage
    12 | D        | Killed a necrophage
    13 | D        | Reached skill level 5 in Unarmed Combat
    13 | D        | Reached XP level 2. HP: 32/33 MP: 1/1
    13 | D        | Reached XP level 3. HP: 40/40 MP: 2/2
    17 | D        | Killed a necrophage
    18 | D        | Reached skill level 5 in Fighting
    18 | D        | Reached skill level 5 in Dodging
    18 | D        | Reached skill level 6 in Unarmed Combat
    18 | D        | Reached XP level 4. HP: 49/50 MP: 3/3
    19 | D        | Killed a necrophage
    19 | D        | Reached ** piety under Trog
    20 | D        | Reached XP level 5. HP: 59/59 MP: 4/4
    22 | D        | Reached skill level 7 in Unarmed Combat
    27 | D        | Found Diwkimor's Jewellery Shop.
    28 | D        | Found Olaricoe's Magic Scroll Boutique.
    28 | D        | Found Foesuf's Jewellery Shop.
    28 | D        | Found Sitrion's Antique Armour Boutique.
    28 | D        | Found Izuwkeph's Jewellery Boutique.
    28 | D        | Found Fyngaff's Weapon Shop.
    28 | D        | Found Xeruff's Assorted Antiques.
    28 | D        | Found Byppoiny's Antique Armour Shop.
    28 | D        | Found Qeodytae's Antique Weapon Boutique.
    28 | D        | Found Yfre Tigh's Distillery.
    29 | D        | Found Ugotee's Armour Shop.
    29 | D        | Found Asur's Distillery.
    30 | D        | Found Tawnazy's Assorted Antiques.
    30 | D        | Found Qaen's Book Shop.
    30 | D        | Noticed a water moccasin
    34 | D        | Killed a water moccasin
    35 | D        | Reached skill level 8 in Unarmed Combat
    35 | D        | Reached XP level 6. HP: 43/71 MP: 5/5
    44 | D        | Noticed an ice statue
    55 | D        | Noticed Menkaure
    57 | D        | Noticed a neqoxec
    57 | D        | Noticed a neqoxec
    58 | D        | Noticed a neqoxec
    58 | D        | Lost intelligence.
    61 | D        | Killed Menkaure
    61 | D        | Reached *** piety under Trog
    63 | D        | Gained mutation: You occasionally lose the ability to drink
                  | potions when taking damage. [a neqoxec]
    66 | D        | Killed a neqoxec
    67 | D        | Reached skill level 9 in Unarmed Combat
    67 | D        | Reached XP level 7. HP: 29/79 MP: 6/6
    69 | D        | Killed a neqoxec
    69 | D        | Noticed a neqoxec
    70 | D        | Gained mutation: Your magical capacity is low. (-10% MP) [a
                  | neqoxec]
    71 | D        | Gained mutation: You are frail. (-10% HP) [a neqoxec]
    72 | D        | Killed a neqoxec
    73 | D        | Reached skill level 10 in Unarmed Combat
    74 | D        | Killed a neqoxec
    74 | D        | Reached **** piety under Trog
    98 | D        | Reached ***** piety under Trog
   104 | D        | Noticed Roxanne
   143 | D        | Killed a boulder beetle
   144 | D        | Reached skill level 11 in Unarmed Combat
   144 | D        | Reached XP level 8. HP: 83/83 MP: 6/6
   153 | D        | Killed a boulder beetle
   154 | D        | Reached skill level 10 in Fighting
   154 | D        | Reached skill level 10 in Dodging
   154 | D        | Reached skill level 12 in Unarmed Combat
   154 | D        | Reached XP level 9. HP: 44/91 MP: 7/7
   164 | D        | Noticed Kirke
   164 | D        | Noticed a skeletal warrior
   164 | D        | Noticed a yaktaur captain
   164 | D        | Noticed a kobold demonologist
   165 | D        | Noticed a centaur warrior
   172 | D        | Killed a yaktaur captain
   173 | D        | Reached skill level 13 in Unarmed Combat
   173 | D        | HP: 4/94 [something (17)]
   174 | D        | Engulfed by a cloud of freezing vapour

Illustrated notes

Levels and vault maps discovered:
D:        the_violet_keep_of_menkaure [sprint2_stairs_cluster_1,
          sprint2_shoproom, sprint2_temple, sprint2_basic_supplies,
          sprint2_obstacle_6, sprint2_obstacle_1, sprint2_obstacle_2,
          sprint2_obstacle_3, sprint2_obstacle_4, sprint2_timed_cluster_1,
          sprint2_smallroom_cluster_1, sprint2_smallroom_final_cluster_1,
          sprint2_transparent_cluster_1, sprint2_second_timed_cluster_1,
          sprint2_sniper_area_1, sprint2_heavy_combat_area_1,
          sprint2_mutation_trap_area_1, sprint2_forest_area_1,
          sprint2_light_combat_area_1, sprint2_behind_water_1,
          sprint2_near_end_vault_1]

Skill      XL: |  1  2  3  4  5  6  7  8  9 |
---------------+----------------------------+-----
Fighting       | 4 5 7 9 10 11 | 11.2
Dodging        | 4 5 6 7 9 10 11 | 11.0
Unarmed Combat | 5 6 8 9 11 12 13 | 13.0

Action                     |  1- 3 |  4- 6 |  7- 9 || total
---------------------------+-------+-------+-------++-------
  Melee: Unarmed           |    10 |    12 |    34 ||    56
         Punch             |     1 |     1 |     2 ||     4
 Invoke: Berserk           |     1 |       |     1 ||     2
         Brothers in Arms  |       |       |     1 ||     1
    Use: Potion            |       |     1 |       ||     1
         Scroll            |       |       |     1 ||     1
 Armour: Animal skin       |     5 |    12 |    14 ||    31
  Dodge: Dodged            |     4 |     7 |     8 ||    19

Table legend: (Time is in decaauts)
 A = Elapsed time spent in this place.
 B = Non-inter-level travel time spent in this place.
 C = Inter-level travel time spent in this place.
 D = Time resting spent in this place.
 E = Time spent auto-exploring this place.
 F = Levels seen in this place.
 G = Mean time per level.
                   A        B        C        D        E       F      G
               +--------+--------+--------+--------+--------+-----+--------+
         Total |    186 |    186 |      0 |      0 |      0 |   1 |  186.0 |
       Dungeon |    186 |    186 |      0 |      0 |      0 |   1 |  186.0 |
               +--------+--------+--------+--------+--------+-----+--------+

Top non-repeatable levels by time:
       D: 186 daAuts
